 Dungeon Crawl Stone Soup version 0.20.1-1-g8b1a95d (webtiles) character file.

348 Jindor the Ruffian (level 6, -1/35 HPs)
             Began as a Gargoyle Monk on Oct 23, 2017.
             Slain by Prince Ribbit (9 damage)
             ... on level 5 of the Dungeon on Oct 24, 2017.
             The game lasted 00:20:36 (2711 turns).

Jindor the Ruffian (Gargoyle Monk)                  Turns: 2711, Time: 00:20:37

Health: -1/35      AC: 16    Str: 16    XL:     6   Next: 60%
Magic:  6/6        EV:  5    Int: 16    God:
Gold:   181        SH:  4    Dex: 12    Spells: 5/5 levels left

rFire    . . .     SeeInvis .   i - +0 flail
rCold    . . .     Gourm    .   o - +0 buckler
rNeg     + . .     Faith    .   p - +0 plate armour
rPois    ∞         Spirit   .   (no helmet)
rElec    +         Reflect  .   (no cloak)
rCorr    .         Harm     .   g - +0 pair of gloves
MR       .....                  (no boots)
Stlth    ..........             c - amulet of magic regeneration
Regen    0.2/turn               n - ring of stealth
MPRegen  0.2/turn               m - +4 ring of slaying {opop}

@: brilliant
A: blink, frail 1, negative energy resistance 1, electricity resistance,
unbreathing, petrification resistance, rot immunity, AC +4
a: Blink


You were on level 5 of the Dungeon.
You were not hungry.

You visited 1 branch of the dungeon, and saw 5 of its levels.

You collected 181 gold pieces.

Inventory:

Hand Weapons
 i - a +0 flail (weapon)
Armour
 a - a +0 robe
 g - a +0 pair of gloves (worn)
 o - a +0 buckler (worn)
 p - a +0 plate armour (worn)
Jewellery
 c - an amulet of magic regeneration (around neck)
 d - an uncursed ring of protection from cold
 k - an uncursed ring of poison resistance
 m - a +4 ring of slaying (right hand) {opop}
 n - a ring of stealth (left hand)
Wands
 u - a wand of lightning (7/15)
Scrolls
 f - 3 scrolls of remove curse
 j - 3 scrolls of identify {unknown}
 s - a scroll of teleportation {unknown}
 t - a scroll of recharging {unknown}
Comestibles
 b - 5 bread rations
 l - 3 royal jellies
 q - a meat ration


   Skills:
 + Level 4.3 Fighting
 + Level 1.8 Maces & Flails
 + Level 2.5 Armour
 - Level 2.9 Dodging
 - Level 2.9 Stealth
 + Level 2.1 Shields
 - Level 4.4 Unarmed Combat


You had 5 spell levels left.
You didn't know any spells.

Dungeon Overview and Level Annotations

Branches:
Dungeon (5/15)
 Temple: D:4-7

Altars:
Qazlal

Annotations:
D:5 Prince Ribbit


Innate Abilities, Weirdness & Mutations

You are resistant to torment.
Your stone body is resilient. (AC +4)
You are immune to poison.
You resist negative energy. (rN+)
You are resistant to electric shocks. (rElec)
You can survive without breathing.
You are immune to petrification.
You are immune to rotting.
You can translocate small distances at will.
You are frail. (-10% HP)


Message History

The orc wizard hits you but does no damage.
It was a potion of magic.
Magic courses through your body.
Prince Ribbit hits you but does no damage.
The orc hits you but does no damage. x2
The orc wizard casts a spell at you. The magic dart hits you!
You are too injured to fight recklessly!
It was a potion of brilliance.
You feel clever all of a sudden. You block Prince Ribbit's attack.
You block the orc's attack. The orc hits you with a hand axe.
The orc wizard mumbles some strange words.
The orc wizard blinks!
You are too injured to fight recklessly!
You hit Prince Ribbit.
Prince Ribbit is heavily wounded.
Prince Ribbit hits you.
* * * LOW HITPOINT WARNING * * *
Prince Ribbit hits you!
You die...

.... #..# . . #..# ..
.######..#
...........#
###.##......#
............#
........F...#########
###o@..#.........#
......o..##.........#
.......####.........#
....... #.........#
#...... #>........#
#...... #.........#
#...... #.........#
....... ###########


You could see Prince Ribbit and 2 orcs.

Vanquished Creatures
  A hound (D:4)
  A jelly (D:4)
  2 orc wizards (D:4)
  An orc priest (D:4)
  An iguana (D:4)
  A worker ant (D:4)
  Robin (D:2)
  5 adders
  A worm (D:2)
  A dart slug (D:1)
  4 leopard geckos
  8 orcs
  5 giant cockroaches
  20 goblins
  9 hobgoblins
  2 jackals (D:3)
  A quokka (D:2)
  7 bats
  5 frilled lizards
  3 kobolds
  6 rats
85 creatures vanquished.

Notes
Turn   | Place    | Note
-------+----------+-------------------------------------------
     0 | D:1      | Jindor the Gargoyle Monk began the quest for the Orb.
     0 | D:1      | Reached XP level 1. HP: 14/14 MP: 1/1
    81 | D:1      | Reached XP level 2. HP: 15/19 MP: 2/2
   278 | D:1      | Reached XP level 3. HP: 20/23 MP: 3/3
   393 | D:1      | Gained mutation: You are partially covered in thin metallic scales. (AC +2) [potion of mutation]
   393 | D:1      | Gained mutation: You have a pair of small horns on your head. [potion of mutation]
   394 | D:1      | Lost mutation: You have a pair of small horns on your head. [potion of mutation]
   394 | D:1      | Lost mutation: You are partially covered in thin metallic scales. (AC +2) [potion of mutation]
   394 | D:1      | Gained mutation: You are frail. (-10% HP) [potion of mutation]
   394 | D:1      | Gained mutation: You are partially covered in thin metallic scales. (AC +2) [potion of mutation]
   394 | D:1      | Gained mutation: You have a pair of small horns on your head. [potion of mutation]
   666 | D:2      | Noticed Robin
   691 | D:2      | Killed Robin
   774 | D:2      | Reached XP level 4. HP: 26/26 MP: 4/4
   900 | D:2      | Found a stormy altar of Qazlal.
   901 | D:2      | Noticed an air elemental
   903 | D:2      | Noticed a water elemental
   903 | D:2      | Noticed a fire elemental
   903 | D:2      | Noticed an earth elemental
  1625 | D:3      | Reached XP level 5. HP: 29/29 MP: 5/5
  1715 | D:3      | Lost mutation: You are partially covered in thin metallic scales. (AC +2) [potion of mutation]
  1715 | D:3      | Lost mutation: You have a pair of small horns on your head. [potion of mutation]
  1715 | D:3      | Gained mutation: You are very frail. (-20% HP) [potion of mutation]
  1715 | D:3      | Lost mutation: You are very frail. (-20% HP) [potion of mutation]
  1715 | D:3      | Gained mutation: You can translocate small distances at will. [potion of mutation]
  2237 | D:4      | Reached skill level 1 in Armour
  2396 | D:4      | Reached skill level 1 in Shields
  2398 | D:4      | Reached skill level 1 in Maces & Flails
  2409 | D:4      | Reached XP level 6. HP: 34/34 MP: 6/6
  2677 | D:5      | Entered Level 5 of the Dungeon
  2690 | D:5      | Noticed Prince Ribbit
  2711 | D:5      | Slain by Prince Ribbit

Skill      XL: |  1  2  3  4  5  6 |
---------------+-------------------+-----
Unarmed Combat | 4 |  4.4
Armour         | 2 |  2.5
Shields        | 1 2 |  2.1
Fighting       | 4 |  4.3
Maces & Flails | 1 |  1.8
Dodging        | |  2.9
Stealth        | |  2.9

Action                   |  1- 3 |  4- 6 || total
-------------------------+-------+-------++-------
Melee: Unarmed           |   104 |    57 ||   161
       Punch             |     2 |     1 ||     3
       Headbutt          |     8 |     8 ||    16
       Flail             |       |   114 ||   114
  Use: Potion            |     5 |     5 ||    10
       Scroll            |     4 |       ||     4
 Stab: Sleeping          |     2 |     6 ||     8
  Eat: Chunk             |       |     2 ||     2
       Meat ration       |       |     1 ||     1
Armor: Robe              |    10 |       ||    10
       Troll leather arm |    24 |    39 ||    63
       Plate armour      |       |   107 ||   107
Dodge: Dodged            |    57 |    85 ||   142
Block: Buckler           |       |    24 ||    24
